 Dungeon Crawl Stone Soup version 0.29-a0-2-g12fcac58f8 (webtiles) character file.

Game seed: 9521598069954858224

12798 HallandMoats the Grappler (level 11, -6/102 HPs)
             Began as a Ghoul Monk on Jan 27, 2022.
             Was a High Priest of Okawaru.
             Mangled by a manticore (18 damage)
             ... on level 12 of the Dungeon.
             The game lasted 00:18:45 (16621 turns).

HallandMoats the Grappler (Ghoul Monk)             Turns: 16621, Time: 00:18:46

Health: -6/102     AC:  8    Str: 16    XL:     11   Next: 99%
Magic:  0/15       EV: 15    Int:  7    God:    Okawaru [*****.]
Gold:   413        SH:  5    Dex: 16    Spells: 10/10 levels left

rFire   . . .      SeeInvis +     - Unarmed
rCold   + . .      Faith    .   A - +0 buckler
rNeg    + + +      Spirit   +   I - +0 steam dragon scales
rPois   ∞          Reflect  .   (no helmet)
rElec   .          Harm     .   s - +0 cloak
rCorr   +          Rampage  .   (no gloves)
Will    .....                   K - +0 pair of boots "Eckoazu" {Dex+3}
Stlth   ++........              j - amulet of guardian spirit
HPRegen 0.00/turn               c - ring of resist corrosion
MPRegen 0.14/turn               J - ring of see invisible

@: about to teleport, spiked, inhibited regen
A: claws 1, cold resistance 1, negative energy resistance 3, inhibited
regeneration, torment resistance 2
a: Renounce Religion, Heroism, Finesse, Duel


You were on level 12 of the Dungeon.
You worshipped Okawaru.
Okawaru was extremely pleased with you.
You visited 2 branches of the dungeon, and saw 13 of its levels.
You visited the Abyss 1 time.
You also visited: Bailey.

You collected 699 gold pieces.
You spent 286 gold pieces at shops.

Inventory:

Missiles
 E - 2 throwing nets (quivered)
Armour
 s - a +0 cloak (worn)
 A - a +0 buckler (worn)
 I - +0 steam dragon scales (worn)
 K - the +0 pair of boots "Eckoazu" (worn) {Dex+3}
   (Okawaru gifted it to you on level 10 of the Dungeon)

   Dex:       It affects your dexterity (+3).
Jewellery
 c - a ring of resist corrosion (left claw)
 j - an amulet of guardian spirit (around neck)
 J - a ring of see invisible (right claw)
Wands
 a - a wand of flame (21)
 h - a wand of iceblast (14)
 m - a wand of acid (2)
 n - a wand of digging (6)
 y - a wand of paralysis (8)
 F - a wand of polymorph (25)
Scrolls
 b - a scroll of summoning {unknown}
 e - a scroll of enchant armour
 g - a scroll of vulnerability {unknown}
 i - a scroll of magic mapping {unknown}
 k - a scroll of amnesia {unknown}
 o - a scroll of torment {unknown}
 t - 4 scrolls of teleportation
 x - a scroll of immolation {unknown}
 G - a scroll of silence
 H - 8 scrolls of identify
 L - a scroll of noise {unknown}
 M - a scroll of fear {unknown}
Potions
 d - 3 potions of mutation
 f - 3 potions of curing
 l - 6 potions of flight
 p - a potion of cancellation {unknown}
 q - a potion of degeneration {unknown}
 r - 3 potions of ambrosia {unknown}
 u - 2 potions of brilliance
 v - 2 potions of haste
 w - 3 potions of heal wounds {unknown}
 z - 2 potions of berserk rage {unknown}
 B - a potion of resistance {unknown}
 C - 2 potions of invisibility {unknown}
 D - a potion of lignification {unknown}


   Skills:
 * Level 11.0 Fighting
 + Level 6.2 Armour
 + Level 6.8 Dodging
 - Level 2.1 Stealth
 - Level 5.0 Shields
 * Level 11.0 Unarmed Combat
 * Level 7.5 Invocations


You had 10 spell levels left.
You didn't know any spells.
Your spell library contained the following spells:

 Spells                   Type           Power      Damage    Failure   Level
 Ensorcelled Hibernation  Hex/Ice        0%         N/A       65%         2
 Passwall                 Tmut/Erth      0%         N/A       65%         2
 Conjure Flame            Conj/Fire      0%         6-21      87%         3
 Ignite Poison            Fire/Tmut/Pois 0%         N/A       87%         3
 Swiftness                Air            0%         N/A       87%         3
 Airstrike                Air            0%         N/A       99%         4
 Sticky Flame             Conj/Fire      0%         2d3       99%         4
 Lightning Bolt           Conj/Air       0%         1d11      100%        5
 Summon Lightning Spire   Summ/Air       Unusable   N/A       N/A         4

Dungeon Overview and Level Annotations

Branches:
Dungeon (12/15)            Temple (1/1) D:4            Lair (0/6) D:10
    Orc (0/2) D:10         Bailey (visited)

Altars:
Ashenzari
Cheibriados
Dithmenos
Elyvilon
Fedhas
Gozag
Hepliaklqana
Kikubaaqudgha
Makhleb
Nemelex Xobeh
Okawaru
Qazlal
Ru
Sif Muna
Trog
Uskayaw
Vehumet
Wu Jian
Xom
Yredelemnul
Zin
The Shining One

Shops:
D:2 ?   D:3 (   D:5 [*   D:7 *![   D:9 [*


Innate Abilities, Weirdness & Mutations

You thrive by killing the living.
You are immune to poison.
You have sharp fingernails.
Your flesh is cold resistant. (rC+)
You are immune to negative energy. (rN+++)
You do not regenerate when monsters are visible.
You are immune to unholy pain and torment.


Message History

The volley of spikes misses you.
The manticore flicks its tail.
The volley of spikes hits you.
The barbed spikes become lodged in your body.
The manticore flicks its tail.
The volley of spikes hits you!
The barbed spikes become lodged in your body.
You are too injured to fight recklessly!
You are too injured to fight recklessly!
You are too injured to fight recklessly!
You are too injured to fight recklessly!
You scratch the manticore.
The manticore is lightly wounded.
A yak comes into view.
The manticore bites you! The manticore claws you.
You block the manticore's attack.
The yak bellows!
You claw the manticore!
The manticore is moderately wounded.
You hear a bellow! x2
A yak comes into view. x2
The manticore bites you!
* * * LOW HITPOINT WARNING * * *
The manticore closely misses you. The manticore barely misses you.
You scratch the manticore.
The manticore is moderately wounded.
The manticore bites you!
* * * LOW HITPOINT WARNING * * *
The manticore closely misses you. x2
You barely miss the manticore.
The manticore is moderately wounded.
You claw the manticore!
The manticore is heavily wounded.
The manticore bites you!
* * * LOW HITPOINT WARNING * * *
The manticore barely misses you.
The manticore claws you but does no damage.
As you read the scroll of teleportation, it crumbles to dust.
You feel strangely unstable. The manticore bites you!!
You die...

#############..#############.
.......................
.......................
(......................
#########..############
...............
...............
........####### ######.@#
#.(H...... .>.........
......Y>##### #######.Y# Y.#
..# ...


You could see a manticore and 3 yaks.

Vanquished Creatures
  2 ugly things
  An orc knight (Bailey)
  A cyclops (D:12)
  A gargoyle (D:11)
  4 trolls
  Grinder (D:3)
  A wyvern (D:9)
  A wraith (D:10)
  9 yaks
  A basilisk (D:11)
  2 steam dragons (D:7)
  6 vampire mosquitoes
  Menkaure (D:7)
  An acid dragon (D:10)
  5 water moccasins
  6 orc warriors
  2 sky beasts
  2 ice beasts (D:7)
  A black bear (D:5)
  4 ogres
  3 centaurs
  8 kobold brigands
  3 phantoms
  3 bullfrogs
  3 gnoll sergeants
  3 wyvern zombies
  7 scorpions
  A water moccasin zombie (D:5)
  15 killer bees
  4 howler monkeys
  4 wights
  2 electric eels (D:9)
  5 centaur zombies
  6 orc priests
  3 gnoll shamans
  Crazy Yiuf (D:3)
  A hound (D:6)
  2 centaur skeletons
  Jessica (D:3)
  Ijyb (D:3)
  3 iguanas
  Natasha (thrice) (D:3)
  A killer bee zombie (D:8)
  3 hound skeletons
  34 gnolls
  3 adders (D:5)
  A shadow imp (D:5)
  A white imp (D:7)
  2 ufetubi
  A worm (D:2)
  4 dart slugs
  30 orcs
  4 ball pythons
  3 bats
  8 endoplasms
  A giant cockroach (D:1)
  11 goblins
  7 hobgoblins
  4 jackals
  26 kobolds
  6 quokkas
  5 frilled lizards
  3 rats
292 creatures vanquished.

Vanquished Creatures (others)
  A wight (D:9)
1 creature vanquished.

Grand Total: 293 creatures vanquished

Notes
Turn   | Place    | Note
-------+----------+-------------------------------------------
     0 | D:1      | HallandMoats the Ghoul Monk began the quest for the Orb.
     0 | D:1      | Reached XP level 1. HP: 19/19 MP: 0/0
   426 | D:1      | Reached XP level 2. HP: 17/26 MP: 1/1
   939 | D:1      | Reached XP level 3. HP: 25/31 MP: 2/2
  1146 | D:2      | Found Lesadili's Magic Scroll Shoppe.
  1187 | D:2      | Bought a scroll of identify for 22 gold pieces
  1187 | D:2      | Bought a scroll of identify for 22 gold pieces
  1815 | D:2      | Reached skill level 1 in Armour
  1820 | D:2      | Reached skill level 1 in Invocations
  1820 | D:2      | Reached XP level 4. HP: 28/40 MP: 3/3
  2454 | D:3      | Noticed Grinder
  2455 | D:3      | Found Noavan's Weapon Boutique.
  2522 | D:3      | Noticed Natasha
  2524 | D:3      | Killed Grinder
  2525 | D:3      | Reached XP level 5. HP: 41/47 MP: 3/5
  2525 | D:3      | Reached XP level 6. HP: 48/55 MP: 3/6
  2531 | D:3      | Killed Natasha
  2532 | D:3      | Reached skill level 5 in Unarmed Combat
  2550 | D:3      | Reached skill level 5 in Fighting
  2820 | D:3      | Noticed Natasha
  2823 | D:3      | Reached XP level 7. HP: 48/61 MP: 4/7
  2827 | D:3      | Killed Natasha
  2833 | D:3      | Noticed Natasha
  2979 | D:3      | Killed Natasha
  2994 | D:3      | Noticed Ijyb
  3010 | D:3      | Killed Ijyb
  3386 | D:3      | Noticed Jessica
  3394 | D:3      | Killed Jessica
  3410 | D:3      | Found a runed translucent door.
  3411 | D:3      | Noticed Crazy Yiuf
  3588 | D:3      | Killed Crazy Yiuf
  3722 | D:4      | Found a staircase to the Ecumenical Temple.
  3745 | Temple   | Entered the Ecumenical Temple
  4097 | Temple   | Became a worshipper of Warmaster Okawaru
  4097 | Temple   | Reached * piety under Okawaru
  4097 | Temple   | Reached ** piety under Okawaru
  4770 | D:5      | Entered Level 5 of the Dungeon
  5135 | D:4      | Reached XP level 8. HP: 9/70 MP: 2/9
  5851 | D:5      | Reached *** piety under Okawaru
  6476 | D:5      | Found Zorghalun's Gadget Gallery.
  6620 | D:5      | Found Puepof's Antique Armour Shop.
  6625 | D:5      | Bought a buckler for 112 gold pieces
  6973 | D:6      | Reached skill level 1 in Shields
  6978 | D:6      | Reached XP level 9. HP: 63/79 MP: 9/11
  8030 | D:6      | Reached **** piety under Okawaru
  8250 | D:7      | Noticed Menkaure
  8253 | D:7      | Killed Menkaure
  8341 | D:7      | Reached skill level 5 in Dodging
  8404 | D:7      | Found Sikandar's Dragon-Slaying Spoils.
  8757 | D:7      | Reached ***** piety under Okawaru
  8758 | D:7      | Reached skill level 5 in Invocations
  8780 | D:7      | Found Atwyas's Assorted Antiques.
  9099 | D:7      | Reached XP level 10. HP: 90/90 MP: 12/12
  9105 | D:7      | Found Gaefrel's Distillery.
  9113 | D:7      | Bought a potion of haste for 130 gold pieces
  9974 | D:8      | Identified the +5 dagger of Yleca {vorpal, Fragile Will+
                  | Str+6}
  9981 | D:8      | Found a flagged portal.
 10001 | Bailey   | Entered a bailey
 10030 | Bailey   | Received a gift from Okawaru
 10105 | Bailey   | Noticed an orc knight
 10130 | Bailey   | Killed an orc knight
 10140 | Bailey   | Received a gift from Okawaru
 10801 | D:8      | Found an ornate altar of the Wu Jian Council.
 11098 | D:8      | Reached skill level 5 in Armour
 11614 | D:9      | Noticed a purple ugly thing
 11636 | D:8      | Killed a purple ugly thing
 11637 | D:8      | Reached skill level 5 in Shields
 12108 | D:9      | Found Vias's Armour Emporium.
 12168 | D:8      | Reached XP level 11. HP: 13/97 MP: 3/14
 13391 | D:9      | Found Onyil Teukk's Serpentskin Sales.
 13416 | D:9      | Reached skill level 10 in Unarmed Combat
 13460 | D:10     | Entered Level 10 of the Dungeon
 13467 | D:10     | Reached skill level 10 in Fighting
 13517 | D:10     | Identified the +0 pair of boots "Eckoazu" {Dex+3} (Okawaru
                  | gifted it to you on level 10 of the Dungeon)
 13517 | D:10     | Received a gift from Okawaru
 13788 | D:10     | Identified the +8 rapier of Responsibility {antimagic,
                  | *Rage rC++ rN+ Will+}
 13900 | D:10     | Found a staircase to the Orcish Mines.
 14279 | D:10     | Found a staircase to the Lair.
 14742 | D:11     | Cast into level 1 of the Abyss (gnoll)
 14753 | D:11     | Escaped the Abyss
 16092 | D:12     | Noticed a cyan ugly thing
 16276 | D:12     | Killed a cyan ugly thing
 16601 | D:12     | Noticed a cyclops
 16605 | D:12     | Noticed a manticore
 16609 | D:12     | Killed a cyclops
 16621 | D:12     | Mangled by a manticore

Illustrated notes

Levels and vault maps discovered:
D:1:      mrwooster_arrival_statue_3, layout_basic, minmay_hedge_maze,
          minmay_split_cup_small
D:2:      layout_basic, serial_shops, shop_statue, amcnicky_mini_pool_small
D:3:      layout_rooms, serial_shops, nicolae_shop_bloodbath_and_beyond,
          uniq_natasha, uniq_grinder, uniq_ijyb, uniq_crazy_yiuf_cottage,
          uniq_jessica
D:4:      layout_loops_ring, minmay_temple_entry_hall
D:5:      cheibrodos_fzero, layout_loops_ring, serial_shops,
          nicolae_diamond_shop, nicolae_shop_gadgets
D:6:      layout_basic, minmay_misc_feat_chi
D:7:      layout_loops_cross, serial_shops, shop, shop_statue,
          nicolae_shop_dragon_depot, uniq_menkaure
D:8:      layout_basic, amcnicky_altar_gilded, enter_bailey_4,
          grunt_ministairs_1
D:9:      layout_basic, serial_shops, nicolae_take_the_stairs,
          guppyfry_shop_venom
D:10:     layout_rooms, lair_entry_dummy, kennysheep_orc_monster_closet_entryway
D:11:     layout_layer_cave
D:12:     layout_long_grid
Temple:   mainiacjoe_temple_circle_huts

Skill      XL: |  1  2  3  4  5  6  7  8  9 10 11 |
---------------+----------------------------------+-----
Armour         | 1 2 3 4 5 6 |  6.2
Unarmed Combat | 4 5 6 7 8 9 11 | 11.0
Fighting       | 4 5 6 7 8 9 11 | 11.0
Dodging        | 3 4 5 6 |  6.8
Invocations    | 1 2 3 4 5 6 7 |  7.5
Shields        | 1 3 5 |  5.0
Stealth        | |  2.1

Action                   |  1- 3 |  4- 6 |  7- 9 | 10-12 || total
-------------------------+-------+-------+-------+-------++-------
Melee: Unarmed           |    77 |    62 |   427 |   636 ||  1202
       Punch             |       |     2 |     6 |       ||     8
Invok: Heroism           |       |       |     1 |     8 ||     9
       Finesse           |       |       |       |     2 ||     2
  Use: Scroll            |     4 |       |     2 |     1 ||     7
       Potion            |       |     1 |       |     8 ||     9
 Stab: Sleeping          |     4 |     1 |     3 |     3 ||    11
       Distracted        |       |       |       |     1 ||     1
Armor: Robe              |    11 |     4 |       |       ||    15
       Ring mail         |       |     7 |   139 |       ||   146
       Steam dragon scal |       |       |     2 |   175 ||   177
Dodge: Dodged            |    46 |    22 |   236 |   486 ||   790
Block: Buckler           |       |       |    33 |   155 ||   188

Table legend: (Time is in decaauts)
 A = Elapsed time spent in this place.
 B = Non-inter-level travel time spent in this place.
 C = Inter-level travel time spent in this place.
 D = Time resting spent in this place.
 E = Time spent auto-exploring this place.
 F = Levels seen in this place.
 G = Mean time per level.
                   A        B        C        D        E       F      G
               +--------+--------+--------+--------+--------+-----+--------+
         Total |  16443 |  16160 |    283 |   1411 |  12316 |  15 | 1096.2 |
       Dungeon |  15532 |  15282 |    250 |   1411 |  11723 |  12 | 1294.3 |
        Temple |    362 |    329 |     33 |      0 |    307 |   1 |  362.0 |
         Abyss |     10 |     10 |      0 |      0 |      0 |   1 |   10.0 |
        Bailey |    537 |    537 |      0 |      0 |    285 |   1 |  537.0 |
               +--------+--------+--------+--------+--------+-----+--------+

Top non-repeatable levels by time:
     D:8: 1960 daAuts
    D:11: 1709 daAuts
     D:5: 1587 daAuts
     D:2: 1495 daAuts
     D:9: 1487 daAuts
     D:1: 1373 daAuts
     D:6: 1294 daAuts
     D:4: 1284 daAuts
     D:7: 1159 daAuts
    D:10: 1011 daAuts
     D:3: 790 daAuts
  Bailey: 537 daAuts
    D:12: 378 daAuts
  Temple: 362 daAuts
 Abyss:1: 10 daAuts
